 Dungeon Crawl Stone Soup version 0.19-a0-1803-g97ff39f (webtiles) character file.

74 Proteus the Covert (level 4, -7/22 HPs)
             Began as a Spriggan Assassin on Oct 5, 2016.
             Killed by divine providence
             ... invoked by an orc priest
              (12 damage)
             ... on level 3 of the Dungeon.
             The game lasted 00:03:50 (1588 turns).

Proteus the Covert (Spriggan Assassin)              Turns: 1588, Time: 00:03:51

Health: -7/22      AC:  3    Str:  7    XL:     4   Next: 9%
Magic:  5/5        EV: 17    Int: 12    God:
Gold:   90         SH:  0    Dex: 18    Spells: 0 memorised, 3 levels left

rFire  . . .     SeeInvis +     a - +2 dagger
rCold  . . .     Gourm    .     c - +0 robe
rNeg   + . .     Faith    .     (shield restricted)
rPois  .         Spirit   .     (helmet restricted)
rElec  .         Dismiss  .     d - +0 cloak
rCorr  .         Reflect  .     (gloves unavailable)
MR     .....     Harm     .     (boots unavailable)
Stlth  ++........               (no amulet)
                                m - ring of wizardry
                                k - ring of positive energy

@: confused, lethally poisoned (-7 -> -22), very quick
A: unfitting armour, see invisible, herbivore 3, speed 3, slow metabolism 2
a: no special abilities


You were on level 3 of the Dungeon.
You were not hungry.

You visited 1 branch of the dungeon, and saw 3 of its levels.

You collected 90 gold pieces.

Inventory:

Hand Weapons
 a - a +2 dagger (weapon)
 b - a +0 blowgun
Missiles
 e - 27 poisoned needles
 f - a curare-tipped needle
Armour
 c - a +0 robe (worn)
 d - a +0 cloak (worn)
Jewellery
 k - a ring of positive energy (left hand)
 m - a ring of wizardry (right hand)
Potions
 o - a potion of invisibility
 p - a potion of agility {unknown}
 s - a potion of curing {unknown}
Comestibles
 g - 4 bread rations
 n - 2 slices of pizza


   Skills:
 - Level 1.5 Fighting
 - Level 2.1 Short Blades
 - Level 2.0 Throwing
 - Level 1.5 Dodging
 + Level 8.6 Stealth


You had 3 spell levels left.
You didn't know any spells.

Dungeon Overview and Level Annotations

Branches:
Dungeon (3/15)

Altars:


Innate Abilities, Weirdness & Mutations

You are very small and have problems with some larger weapons.
You are too small for most types of armour.
You have supernaturally acute eyesight. (SInv)
You are a herbivore.
You cover ground extremely quickly.
You need consume almost no food.


Message History

You hit the orc priest but do no damage.
The orc priest is moderately wounded.
* * * LOW HITPOINT WARNING * * *
You feel sick.
The orc priest hits you with a hand axe of venom.
* * * LOW HITPOINT WARNING * * *
You are more poisoned.
An orc comes into view. It is wielding a flail.
You are confused.
You feel invigorated.
* * * LOW HITPOINT WARNING * * *
You feel sick. The orc priest misses you.
You hit the orc priest but do no damage.
The orc priest is moderately wounded.
* * * LOW HITPOINT WARNING * * *
You feel sick.
The orc priest calls down the wrath of Beogh upon you.
Beogh smites you!
Ouch! That really hurt!
You die...

## #. #.
###o##
#....
#o#.#
#@#.#
#...#
#<.##
#†.###.#
#......#
#.†......#
#.#..##..#
#.#... $.#
# #.#.# .#


You could see an orc priest and an orc.

Vanquished Creatures
  Crazy Yiuf (D:2)
  An adder (D:3)
  An ooze (D:2)
  A dart slug (D:1)
  A leopard gecko (D:1)
  A ball python (D:1)
  3 giant cockroaches
  4 goblins
  2 hobgoblins
  2 jackals (D:2)
  2 kobolds (D:1)
  2 quokkas (D:2)
  4 bats
  2 rats
27 creatures vanquished.

Notes
Turn   | Place    | Note
-------+----------+-------------------------------------------
     0 | D:1      | Proteus the Spriggan Assassin began the quest for the Orb.
     0 | D:1      | Reached XP level 1. HP: 10/10 MP: 2/2
    40 | D:1      | Reached skill level 6 in Stealth
   220 | D:1      | You fall through a shaft!
   247 | D:2      | Reached XP level 2. HP: 14/14 MP: 3/3
   266 | D:2      | Found a runed door.
   469 | D:2      | Noticed Crazy Yiuf
   475 | D:2      | Killed Crazy Yiuf
   475 | D:2      | Reached skill level 7 in Stealth
   475 | D:2      | Reached XP level 3. HP: 18/18 MP: 4/4
   728 | D:1      | Reached skill level 8 in Stealth
  1544 | D:3      | Reached XP level 4. HP: 19/22 MP: 5/5
  1586 | D:3      | HP: 1/22 [orc priest/hand axe of venom (4)]
  1588 | D:3      | Killed from afar by an orc priest

Vault maps used:
D:1:      dpeg_arrival_rooms_b
D:2:      uniq_crazy_yiuf_cottage
D:3:      overflow_temple_1_default, trog_butcher_becter

Skill      XL: |  1  2  3 |
---------------+----------+-----
Stealth        | 6 7 8 |  8.6
Fighting       | |  1.5
Short Blades   | |  2.1
Throwing       | |  2.0
Dodging        | |  1.5

Action                   |  1- 3 |  4- 6 || total
-------------------------+-------+-------++-------
Melee: Dagger            |    88 |    18 ||   106
 Fire: Blowgun           |     3 |       ||     3
  Use: Scroll            |       |     6 ||     6
       Potion            |       |     1 ||     1
 Stab: Sleeping          |     7 |       ||     7
Armor: Robe              |    15 |     1 ||    16
Dodge: Dodged            |    80 |    19 ||    99
